 Dungeon Crawl Stone Soup version 0.30-a0-824-g6c64550be9 (webtiles) character file.

Game seed: 14260685293798385825

18 cforsyth the Sneak (level 2, -2/18 HPs)
             Began as a Kobold Brigand on Feb 28, 2023.
             Slain by a jackal (3 damage)
             ... on level 1 of the Dungeon.
             The game lasted 00:00:28 (524 turns).

cforsyth the Sneak (Kobold Brigand)                  Turns: 524, Time: 00:00:28

Health: -2/18      AC:  3    Str:  8    XL:     2   Next: 90%
Magic:  2/2        EV: 14    Int: 12    God:
Gold:   52         SH:  0    Dex: 16    Spells: 1/1 levels left

rFire   . . .      SeeInvis .    a - +2 dagger
rCold   . . .      Faith    .    (no shield)
rNeg    . . .      Spirit   .    b - +0 robe
rPois   .          Reflect  .    (no helmet)
rElec   .          Harm     .    c - +0 cloak
rCorr   .          Rampage  .    (no gloves)
Will    .....                    (no boots)
Stlth   ++++                     (no amulet)
HPRegen 0.23/turn                (no ring)
MPRegen 0.08/turn                (no ring)

@: no status effects
A: small, no large weapons, nightstalker 3
a: no special abilities


You were on level 1 of the Dungeon.
You visited 1 branch of the dungeon, and saw 1 of its levels.

You collected 52 gold pieces.

Inventory:

Hand Weapons
 a - a +2 dagger (weapon)
Missiles
 d - 9 poisoned darts (quivered)
 e - 3 curare-tipped darts
Armour
 b - a +0 robe (worn)
 c - a +0 cloak (worn)
Scrolls
 f - a scroll of amnesia {unknown}
 i - a scroll of butterflies {unknown}
Potions
 g - 2 potions of mutation {unknown}
 h - a potion of haste {unknown}


   Skills:
 + Level 2.5 Fighting
 + Level 3.2 Short Blades
 - Level 2.1 Throwing
 + Level 1.9 Dodging
 + Level 5.6 Stealth


You had one spell level left.
You didn't know any spells.
Your spell library was empty.

Dungeon Overview and Level Annotations

Branches:
Dungeon (1/15)

Altars:


Innate Abilities, Weirdness & Mutations

You are small and have problems with some larger weapons.
You are completely attuned to the shadows.


Message History

An endoplasm comes into view.
You barely miss the jackal. The jackal bites you.
The jackal closely misses you.
You barely miss the jackal. The jackal closely misses you.
The jackal barely misses you.
The jackal bites you but does no damage.
The jackal bites you. The jackal closely misses you.
You barely miss the jackal. The jackal closely misses you. x2
The jackal bites you. x2; The jackal closely misses you.
You hit the jackal.
The jackal is heavily wounded.
The jackal bites you. The jackal misses you.
The jackal bites you but does no damage.
The jackal barely misses you. The jackal bites you.
The jackal bites you but does no damage.
The jackal barely misses you.
You are too injured to fight recklessly!
You are too injured to fight recklessly!
You are too injured to fight recklessly!
You are too injured to fight recklessly!
You are too injured to fight recklessly!
You are too injured to fight recklessly!
You are too injured to fight recklessly!
The jackal attacks as you move away! The jackal bites you.
* * * LOW HITPOINT WARNING * * *
The jackal attacks as you move away! The jackal barely misses you.
The jackal misses you.
The jackal bites you but does no damage.
The endoplasm attacks as you move away! The endoplasm hits you.
* * * LOW HITPOINT WARNING * * *
The jackal attacks as you move away! The jackal closely misses you.
The jackal misses you. The jackal closely misses you.
The jackal attacks as you move away! The jackal misses you.
The jackal attacks as you move away! The jackal barely misses you.
The jackal bites you but does no damage.
The endoplasm freezes you.
You are frozen.
* * * LOW HITPOINT WARNING * * *
The jackal bites you.
You die...

.....## ......#
#.............#
#........#....##
#........####..#
#........ ##.#
#.h...... #.###
####Jh.h....
#...#
#.[.@hhhh...
###..
###.##########
##.. #...#
###... #.#.##
###...>. #.#..##
#...####
..##..### ##.###
#.# ##...## #..#
###..# #.##
##.#### #.## ##


You could see an endoplasm and 7 jackals.

Vanquished Creatures
  A dart slug (D:1)
  A bat (D:1)
  4 endoplasms (D:1)
  A hobgoblin (D:1)
  A quokka (D:1)
  A ball python (D:1)
  2 goblins (D:1)
  3 kobolds (D:1)
  A rat (D:1)
15 creatures vanquished.

Notes
Turn   | Place    | Note
-------+----------+-------------------------------------------
     0 | D:1      | cforsyth the Kobold Brigand began the quest for the Orb.
     0 | D:1      | Reached XP level 1. HP: 12/12 MP: 1/1
   170 | D:1      | Reached XP level 2. HP: 7/18 MP: 2/2
   524 | D:1      | Slain by a jackal

Illustrated notes

Levels and vault maps discovered:
D:1:      elethiomel_arrival_infinity_welcomes_careful_drivers, layout_basic,
          corexii_item_surrounded_by_moat, minmay_tromino_v4_a

Skill      XL: |  1 |
---------------+----+-----
Short Blades   | 3 |  3.2
Fighting       | |  2.5
Throwing       | |  2.1
Dodging        | |  1.9
Stealth        | |  5.6

Action                     || total
---------------------------++-------
  Melee: Dagger            ||    42
   Stab: Sleeping          ||     7
 Armour: Robe              ||    14
  Dodge: Dodged            ||    42

Table legend: (Time is in decaauts)
 A = Elapsed time spent in this place.
 B = Non-inter-level travel time spent in this place.
 C = Inter-level travel time spent in this place.
 D = Time resting spent in this place.
 E = Time spent auto-exploring this place.
 F = Levels seen in this place.
 G = Mean time per level.
                   A        B        C        D        E       F      G
               +--------+--------+--------+--------+--------+-----+--------+
         Total |    517 |    517 |      0 |      0 |    421 |   1 |  517.0 |
       Dungeon |    517 |    517 |      0 |      0 |    421 |   1 |  517.0 |
               +--------+--------+--------+--------+--------+-----+--------+

Top non-repeatable levels by time:
     D:1: 517 daAuts
